 Dungeon Crawl Stone Soup version 0.22-a0-480-g991dd4b (webtiles) character file.

352 KillYourself the Shield-Bearer (level 6, -5/53 HPs)
             Began as a Minotaur Fighter on June 16, 2018.
             Slain by a worm (6 damage)
             ... on level 3 of the Dungeon.
             The game lasted 00:06:08 (1922 turns).

KillYourself the Shield-Bearer (Minotaur Fighter)   Turns: 1922, Time: 00:06:08

Health: -5/53      AC:  7    Str: 27    XL:     6   Next: 34%
Magic:  5/5        EV:  9    Int:  5    God:
Gold:   73         SH: 11    Dex: 10    Spells: 5/5 levels left

rFire    . . .     SeeInvis .   a - +0 war axe
rCold    . . .     Gourm    .   c - +1 shield
rNeg     . . .     Faith    +   b - +0 scale mail
rPois    .         Spirit   .   (helmet restricted)
rElec    .         Reflect  .   (no cloak)
rCorr    .         Harm     .   (no gloves)
MR       .....                  (no boots)
Stlth    ..........             g - amulet of faith
HPRegen  0.17/turn              (no ring)
MPRegen  0.09/turn              (no ring)

@: mighty
A: retaliatory headbutt, horns 2, blurry vision 1, sturdy frame 1
a: no special abilities


You were on level 3 of the Dungeon.
You were not hungry.

You visited 1 branch of the dungeon, and saw 3 of its levels.

You collected 73 gold pieces.

Inventory:

Hand Weapons
 a - a +0 war axe (weapon)
Armour
 b - a +0 scale mail (worn)
 c - a +1 shield (worn)
Jewellery
 g - an amulet of faith (around neck)
 h - a cursed ring of loudness {unknown}
Wands
 e - a wand of acid (9)
Scrolls
 j - a scroll of enchant weapon {unknown}
 k - a scroll of immolation {unknown}
Potions
 d - 2 potions of might
Comestibles
 f - 3 rations


   Skills:
 + Level 4.6 Fighting
 + Level 4.9 Axes
 + Level 5.0 Armour
 + Level 1.7 Dodging
 + Level 0.5 Stealth
 + Level 5.3 Shields


You had 5 spell levels left.
You didn't know any spells.
Your spell library contained the following spells:

 Spells                   Type           Power        Failure   Level  Hunger
 Confuse                  Hex            #.......     100%        3    ####...
 Tukima's Dance           Hex            #.......     100%        3    ####...
 Ensorcelled Hibernation  Hex/Ice        #.....       99%         2    ###....
 Corona                   Hex            #......      97%         1    ##.....
 Dazzling Spray           Conj/Hex       #.....       100%        3    ####...


Dungeon Overview and Level Annotations

Branches:
Dungeon (3/15)

Altars:
Hepliaklqana

Annotations:
D:3 KillYourself's ghost, amateur DrBe


Innate Abilities, Weirdness & Mutations

You reflexively headbutt those who attack you in melee.
You have a pair of horns on your head.
Scrolls take you a little longer to read.
Your movements are slightly less encumbered by armour. (ER -2)


Message History

KillYourself's ghost is heavily damaged.
You hit the worm but do no damage. You block the worm's attack.
KillYourself's ghost hits you.
* * * LOW HITPOINT WARNING * * *
Your shield and scale mail prevent you from hitting KillYourself's ghost.
You headbutt KillYourself's ghost, but do no damage.
KillYourself's ghost is heavily damaged.
You hit the worm.
You block KillYourself's ghost's attack.
The worm closely misses you. KillYourself's ghost barely misses you.
You closely miss KillYourself's ghost.
KillYourself's ghost is heavily damaged.
You hit the worm but do no damage. The worm bites you!
* * * LOW HITPOINT WARNING * * *
You block KillYourself's ghost's attack.
You feel very mighty all of a sudden. KillYourself's ghost hits you.
* * * LOW HITPOINT WARNING * * *
The worm bites you.
You die...

.# .# ## .##
... .. .... .#
.....##+###.#
#...<..w.####..
#.....@W....<..
#....†..#######
.......^.###
##.......<
#.........
##....!...#
#####+####


You could see a worm and KillYourself's ghost.

Vanquished Creatures
  Sigmund (D:2)
  3 jellies (D:2)
  A gnoll (D:1)
  2 adders
  9 oozes
  A leopard gecko (D:1)
  3 giant cockroaches
  3 goblins (D:1)
  5 hobgoblins
  3 jackals (D:1)
  10 kobolds
  8 bats
  2 frilled lizards (D:1)
  5 rats
  3 fungi (D:2)
59 creatures vanquished.

Vanquished Creatures (others)
  9 toadstools (D:2)
9 creatures vanquished.

Grand Total: 68 creatures vanquished

Notes
Turn   | Place    | Note
-------+----------+-------------------------------------------
     0 | D:1      | KillYourself the Minotaur Fighter began the quest for the Orb.
     0 | D:1      | Reached XP level 1. HP: 19/19 MP: 0/0
   159 | D:1      | Reached XP level 2. HP: 27/27 MP: 1/1
   325 | D:1      | Reached XP level 3. HP: 23/33 MP: 2/2
   683 | D:2      | Found a hazy altar of Hepliaklqana.
   933 | D:2      | Noticed Sigmund
   941 | D:2      | Killed Sigmund
   941 | D:2      | Reached skill level 1 in Dodging
   941 | D:2      | Reached XP level 4. HP: 23/41 MP: 3/3
   941 | D:2      | Reached XP level 5. HP: 27/47 MP: 4/4
  1407 | D:2      | Reached skill level 5 in Shields
  1417 | D:2      | Reached XP level 6. HP: 16/53 MP: 5/5
  1424 | D:2      | Gained mutation: Scrolls take you a little longer to read. [potion of mutation]
  1424 | D:2      | Gained mutation: Your system is resistant to poisons. (rPois) [potion of mutation]
  1424 | D:2      | Lost mutation: Your system is resistant to poisons. (rPois) [potion of mutation]
  1424 | D:2      | Gained mutation: Your movements are slightly less encumbered by armour. (ER -2) [potion of mutation]
  1427 | D:2      | Reached skill level 5 in Armour
  1898 | D:3      | Noticed KillYourself's ghost (amateur DrBe)
  1922 | D:3      | HP: 1/53 [KillYourself's ghost (3)]
  1922 | D:3      | Slain by a worm

Vault maps used:
D:1:      minmay_arrival_widening_spiral_wide
D:2:      cheibrodos_fertilizer, nicolae_overflow_crystal_walls, uniq_sigmund
D:3:      lemuel_upstairs_altar, first_ration

Skill      XL: |  1  2  3  4  5  6 |
---------------+-------------------+-----
Fighting       | 4 |  4.6
Axes           | 3 4 |  4.9
Shields        | 4 5 |  5.3
Armour         | 4 5 |  5.0
Dodging        | 1 |  1.7
Stealth        | |  0.5

Action                   |  1- 3 |  4- 6 || total
-------------------------+-------+-------++-------
Melee: War axe           |    71 |    76 ||   147
       Headbutt          |     9 |    16 ||    25
  Use: Scroll            |     3 |       ||     3
       Potion            |       |     4 ||     4
  Eat: Chunk             |       |     1 ||     1
       Ration            |       |     1 ||     1
Armor: Scale mail        |    48 |    20 ||    68
Dodge: Dodged            |    29 |    22 ||    51
Block: Shield            |    38 |    29 ||    67

Table legend:
 A = Spawn XP
 B = Non-spawn XP
 C = Spawn XP percentage of total XP
 D = Spawn monster count
 E = Non-spawn monster count
 F = Spawn count percentage of total count
 G = Total turns spent on level
                    A         B        C        D         E        F      G
               +---------+---------+-------+---------+---------+-------+---------
         Total |       0 |     503 |   0.0 |       0 |      56 |   0.0 |  1922
               +---------+---------+-------+---------+---------+-------+---------
           D:1 |       0 |      68 |   0.0 |       0 |      30 |   0.0 |   611
           D:2 |       0 |     422 |   0.0 |       0 |      25 |   0.0 |  1286
           D:3 |       0 |      13 |   0.0 |       0 |       1 |   0.0 |    25
               +---------+---------+-------+---------+---------+-------+---------
